 Dungeon Crawl Stone Soup version 0.21.1-1-g345015f (webtiles) character file.

648 vatarom the Stinger (level 7, 0/60 HPs)
             Began as a Green Draconian Venom Mage on Mar 22, 2018.
             Was a Follower of Sif Muna.
             Slain by an orc
             ... wielding a +0 whip of electrocution
              (15 damage)
             ... on level 5 of the Dungeon.
             The game lasted 00:09:11 (3612 turns).

vatarom the Stinger (Green Draconian Venom Mage)    Turns: 3612, Time: 00:09:11

Health: 0/60       AC: 10    Str: 12    XL:     7   Next: 27%
Magic:  16/21      EV: 12    Int: 16    God:    Sif Muna [*.....]
Gold:   177        SH:  0    Dex: 11    Spells: 2/12 levels left

rFire    . . .     SeeInvis .   t - +0 halberd
rCold    . . .     Gourm    .   (shield currently unavailable)
rNeg     . . .     Faith    .   (armour unavailable)
rPois    +         Spirit   .   (helmet restricted)
rElec    .         Reflect  .   u - +0 cloak
rCorr    .         Harm     .   (no gloves)
MR       .....                  f - +2 pair of boots
Stlth    ++........             (no amulet)
HPRegen  0.20/turn              l - ring of magical power
MPRegen  0.17/turn              (no ring)

@: very slightly contaminated
A: breathe noxious fumes, unfitting armour, poison resistance, cold-blooded, AC
+6
a: Breathe Noxious Fumes, Divine Energy, Renounce Religion


You were on level 5 of the Dungeon.
You worshipped Sif Muna.
Sif Muna was aware of your devotion.
You were not hungry.

You visited 1 branch of the dungeon, and saw 5 of its levels.

You collected 177 gold pieces.

Inventory:

Hand Weapons
 t - a +0 halberd (weapon)
Armour
 f - a +2 pair of boots (worn)
 u - a +0 cloak (worn)
Jewellery
 h - an uncursed amulet of magic regeneration {unknown}
 l - a ring of magical power (left hand)
Wands
 d - a wand of acid (13)
 q - a wand of digging (19)
Scrolls
 c - a scroll of remove curse
 e - a scroll of blinking {unknown}
 g - a scroll of magic mapping
 j - 2 scrolls of immolation
 k - 2 scrolls of identify {unknown}
 m - a scroll of teleportation
 o - 2 scrolls of enchant weapon {unknown}
 r - a scroll of fog
Potions
 i - a potion of curing
 n - 2 potions of mutation {unknown}
 p - 3 potions of resistance
 s - a potion of brilliance {unknown}
Books
 a - a Young Poisoner's Handbook

   Spells                             Type                      Level
   a - Sting                          Conjuration/Poison           1
   b - Poisonous Vapours              Poison/Air                   2
   c - Mephitic Cloud                 Conjuration/Poison/Air       3
   d - Olgreb's Toxic Radiance        Poison                       4
   e - Venom Bolt                     Conjuration/Poison           5
Comestibles
 b - 2 rations


   Skills:
 * Level 4.6 Fighting
 - Level 1.7 Dodging
 - Level 1.7 Stealth
 + Level 3.3 Spellcasting
 * Level 4.2 Conjurations
 + Level 5.1 Poison Magic
 + Level 2.3 Invocations


You had 2 spell levels left.
You knew the following spells:

 Your Spells              Type           Power        Failure   Level  Hunger
a - Sting                 Conj/Pois      ###.         2%          1    None
b - Poisonous Vapours     Pois/Air       ##....       10%         2    ##.....
c - Mephitic Cloud        Conj/Pois/Air  ##......     16%         3    ###....
d - Olgreb's Toxic Radia  Pois           ###.....     22%         4    ####...


Dungeon Overview and Level Annotations

Branches:
Dungeon (5/15)
 Temple: D:4-7

Altars:
Ashenzari
Fedhas
Ru
Sif Muna
Xom

Shops:
D:4 :


Innate Abilities, Weirdness & Mutations

You can breathe blasts of noxious fumes.
Your lurid green scales are hard. (AC +6)
You cannot fit into any form of body armour.
Your system is resistant to poisons. (rPois)
You are cold-blooded and may be slowed by cold attacks.


Message History

You hit the gnoll but do no damage.
You kill the gnoll!
Sif Muna accepts your kill.
The leopard gecko bites you but does no damage.
The orc hits you with a whip of electrocution.
The leopard gecko closely misses you.
You barely miss the phantom. You tail-slap the phantom.
The phantom is lightly damaged.
The phantom hits you! The orc hits you but does no damage.
You are electrocuted!
The leopard gecko bites you but does no damage.
The phantom hits you!
* * * LOW HITPOINT WARNING * * *
The orc closely misses you. The leopard gecko bites you.
* * * LOW HITPOINT WARNING * * *
You feel better.
The orc hits you with a whip of electrocution.
* * * LOW HITPOINT WARNING * * *
You are electrocuted!
You die...

#. .###.. #.# #....# # #.##
#....### .#. #...
##..#...##...
...####............
#..............#..
#o.W.............
#l@..............
#))#...#.......... #
#.)###..#.......... #....#
#..##......... #...#
##...........[ .......
##.##.........
......##.####.####........
......##.)##..# ##......#
#.......#.....######......#


You could see a phantom, an orc and a leopard gecko.

Vanquished Creatures
  Sigmund (D:3)
  The ghost of Ratty the Shooter, a weakling CeAM of the Shining One (D:3)
  A bullfrog zombie (D:5)
  A hound (D:3)
  Crazy Yiuf (D:3)
  An orc priest (D:3)
  A centaur skeleton (D:4)
  A worker ant (D:4)
  A hound skeleton (D:4)
  10 gnolls
  5 adders
  An adder zombie (D:2)
  An ooze (D:1)
  2 adder skeletons
  2 worms
  3 dart slugs
  4 leopard geckos
  6 orcs
  A bat skeleton (D:2)
  2 bat zombies (D:2)
  2 giant cockroaches
  9 hobgoblins
  3 jackals (D:3)
  6 kobolds
  3 quokkas (D:3)
  A ball python (D:3)
  6 bats
  5 frilled lizards
  9 goblins
  A leopard gecko zombie (D:2)
  A quokka zombie (D:2)
  4 rats
96 creatures vanquished.

Notes
Turn   | Place    | Note
-------+----------+-------------------------------------------
     0 | D:1      | vatarom the Draconian Venom Mage began the quest for the Orb.
     0 | D:1      | Reached XP level 1. HP: 14/14 MP: 3/3
   255 | D:1      | Reached XP level 2. HP: 10/22 MP: 0/5
   479 | D:1      | Reached skill level 1 in Fighting
   598 | D:1      | Learned a level 2 spell: Poisonous Vapours
  1445 | D:2      | Reached XP level 3. HP: 29/29 MP: 6/6
  1505 | D:2      | Learned a level 3 spell: Mephitic Cloud
  1735 | D:2      | Reached XP level 4. HP: 29/36 MP: 4/7
  1898 | D:3      | Found a deep blue altar of Sif Muna.
  1965 | D:3      | Became a worshipper of Sif Muna the Loreminder
  2153 | D:3      | Reached XP level 5. HP: 30/45 MP: 4/9
  2238 | D:3      | Noticed Ratty's ghost (weakling CeAM)
  2287 | D:2      | Reached skill level 1 in Invocations
  2489 | D:3      | Noticed Sigmund
  2592 | D:3      | Killed Sigmund
  2592 | D:3      | Reached XP level 6. HP: 52/52 MP: 5/10
  2866 | D:3      | Killed Ratty's ghost
  2947 | D:3      | Reached skill level 4 in Poison Magic
  3026 | D:3      | Found a runed door.
  3030 | D:3      | Noticed Crazy Yiuf
  3037 | D:3      | Killed Crazy Yiuf
  3129 | D:4      | Found a shattered altar of Ashenzari.
  3132 | D:4      | Found a shimmering altar of Xom.
  3251 | D:4      | Found a sacrificial altar of Ru.
  3281 | D:4      | Your scales start taking on a lurid green colour.
  3281 | D:4      | Reached XP level 7. HP: 57/59 MP: 11/11
  3281 | D:4      | Gained mutation: Your system is resistant to poisons. (rPois) [Green Draconian growth]
  3287 | D:4      | Learned a level 4 spell: Olgreb's Toxic Radiance
  3320 | D:4      | Reached skill level 5 in Poison Magic
  3325 | D:4      | Found Kiasmi Ykhlu's Book Emporium.
  3388 | D:4      | Found a blossoming altar of Fedhas.
  3561 | D:5      | Entered Level 5 of the Dungeon
  3599 | D:5      | Reached * piety under Sif Muna
  3612 | D:5      | Slain by an orc

Skill      XL: |  1  2  3  4  5  6  7 |
---------------+----------------------+-----
Fighting       | 1 2 3 4 |  4.6
Conjurations   | 2 3 4 |  4.2
Invocations    | 1 2 |  2.3
Spellcasting   | 3 |  3.3
Poison Magic   | 4 5 |  5.1
Dodging        | |  1.7
Stealth        | |  1.7

Action                   |  1- 3 |  4- 6 |  7- 9 || total
-------------------------+-------+-------+-------++-------
Melee: Unarmed           |    32 |       |       ||    32
       Tailslap          |    14 |    12 |     5 ||    31
       Spear             |    77 |    93 |       ||   170
       Halberd           |       |    60 |    39 ||    99
 Cast: Sting             |    22 |    63 |     6 ||    91
       Poisonous Vapours |     7 |     8 |       ||    15
       Mephitic Cloud    |       |     2 |       ||     2
 Abil: Breathe Noxious F |       |       |     1 ||     1
  Use: Scroll            |     7 |       |       ||     7
       Potion            |     3 |     1 |     1 ||     5
 Stab: Sleeping          |     1 |       |     3 ||     4
       Confused          |       |     1 |       ||     1
  Eat: Chunk             |     4 |     3 |       ||     7
       Ration            |       |     1 |     1 ||     2
Armor: Skin              |    42 |    89 |    27 ||   158
Dodge: Dodged            |    82 |   152 |    38 ||   272
